[Event "Team 45 45 League T70"]
[Site "Internet Chess Club"]
[Date "2016.10.17"]
[Round "6"]
[White "kingsrook"]
[Black "JRussell2"]
[Result "1-0"]
[WhiteElo "1321"]
[BlackElo "1378"]
[Opening "QGD semi-Slav: 5.e3"]
[ECO "D45"]
[Time "15:00:35"]
[TimeControl "2700+45"]

1. d4 d5 2. c4 c6 3. Nc3 Nf6 4. e3 e6 5. Nf3 Bb4 6. Bd2 Bxc3 7. Bxc3 Nbd7 8. Bd3
O-O 9. O-O Ne4 10. Qc2 Ndf6 11. Bb4 Re8 12. Ne5 a5 13. Ba3 b5 14. Nxc6 Qc7 15.
cxb5 Bb7 16. Ne5 Qb6 17. f3 Rac8 18. Qe2 Nd6 19. Rac1 Rb8 20. Bc5 Qd8 21. a4 Ba8
22. Rc2 Nb7 23. Nc6 Qc8 24. Ne7+ {Black resigns} 1-0

[Event "Team 45 45 League T70"]
[Site "Internet Chess Club"]
[Date "2016.10.16"]
[Round "6"]
[White "Invicta-Knight"]
[Black "cityprosecutor"]
[Result "1/2-1/2"]
[WhiteElo "1707"]
[BlackElo "1736"]
[Opening "Pirc: classical (two knights) system"]
[ECO "B08"]
[Time "07:11:19"]
[TimeControl "2700+45"]

1. e4 d6 2. d4 Nf6 3. Nc3 g6 4. Nf3 Bg7 5. Be3 O-O 6. Bd3 c6 7. Qd2 Re8 8. O-O-O
b5 9. e5 dxe5 10. dxe5 Ng4 11. Bf4 Qa5 12. h3 b4 13. Ne4 Nxe5 14. Nxe5 Bxe5 15.
Bxe5 Qxe5 16. Qxb4 Nd7 17. Rhe1 Rb8 18. Qc3 Qc7 19. Bc4 Ne5 20. Bb3 Bf5 21. Ng5
h6 22. Rxe5 hxg5 23. g4 Bd7 24. Rxg5 Rxb3 25. Qxb3 Be6 26. Rxg6+ fxg6 27. Qxe6+
Kg7 28. Rd7 Qf4+ 29. Qe3 Qf6 30. Qxa7 Qe6 31. f4 Kf7 32. Rd3 Qe1+ 33. Rd1 Qg3
34. Qd4 Qxh3 35. f5 gxf5 36. gxf5 Qxf5 37. Qc4+ Kg6 38. Qxc6+ Kf7 39. Qc4+ Kg6
40. Rg1+ Kh6 41. Qh4+ Qh5 42. Qxh5+ Kxh5 43. a4 e5 44. Kd2 e4 45. Ke3 Kh4 46. b4
Rc8 47. Rg2 Rc4 48. c3 Rxc3+ 49. Kd4 Ra3 50. a5 e3 51. Rb2 Kg3 52. Ke4 Kg4 53.
Rg2+ Kh5 54. Re2 Ra4 55. Rxe3 Rxb4+ 56. Kf5 Rb5+ 57. Re5 Rb8 58. a6 Ra8 59. Re7
Rxa6 60. Rh7+ Rh6 61. Rxh6+ {Game drawn by mutual agreement} 1/2-1/2

[Event "Team 45 45 League T70"]
[Site "Internet Chess Club"]
[Date "2016.10.14"]
[Round "6"]
[White "Hal2001"]
[Black "az2112"]
[Result "1/2-1/2"]
[WhiteElo "1552"]
[BlackElo "1586"]
[Opening "Sicilian: closed"]
[ECO "B23"]
[Time "22:03:40"]
[TimeControl "2700+45"]

1. e4 c5 2. Nc3 d6 3. f4 Nf6 4. Nf3 g6 5. Bb5+ Nc6 6. Bxc6+ bxc6 7. O-O Bg7 8.
Qe1 O-O 9. d3 Qb6 10. Qh4 c4+ 11. d4 Bg4 12. f5 Bxf3 13. Rxf3 Qxd4+ 14. Kh1 d5
15. Be3 Qe5 16. Bf4 Qd4 17. Be3 Qe5 18. Bf4 Qd4 19. Be3 {Game drawn by
repetition} 1/2-1/2

[Event "Team 45 45 League T70"]
[Site "Internet Chess Club"]
[Date "2016.10.17"]
[Round "6"]
[White "crazyhorses"]
[Black "Constrictor"]
[Result "0-1"]
[WhiteElo "1308"]
[BlackElo "1586"]
[Opening "Caro-Kann: two knights, 3...Bg4"]
[ECO "B11"]
[Time "17:04:39"]
[TimeControl "2700+45"]

1. e4 c6 2. Nc3 d5 3. Nf3 Bg4 4. d4 dxe4 5. Nxe4 e6 6. c3 Qc7 7. Be2 Nd7 8. O-O
Ngf6 9. Nxf6+ Nxf6 10. b4 Bd6 11. h3 Bh5 12. Nd2 Bxe2 13. Qxe2 O-O 14. Bb2 Rfe8
15. Rad1 e5 16. Qd3 exd4 17. Qxd4 Rad8 18. Kh1 Bf4 {White resigns} 0-1

[Event "Team 45 45 League T70"]
[Site "Internet Chess Club"]
[Date "2016.10.15"]
[Round "6"]
[White "calsal"]
[Black "Capt-Morgan"]
[Result "0-1"]
[WhiteElo "1753"]
[BlackElo "1867"]
[Opening "French: Réti (Spielmann) variation"]
[ECO "C00"]
[Time "10:06:40"]
[TimeControl "2700+45"]

1. e4 e6 2. b3 d5 3. Bb2 Nf6 4. e5 Nfd7 5. Qg4 h5 6. Qg3 c5 7. f4 Nc6 8. Nf3 h4
9. Qg4 a6 10. Nc3 b5 11. O-O-O c4 12. Ng5 Nb6 13. Re1 Be7 14. Nf3 g6 15. Ne2 a5
16. Ned4 Nxd4 17. Nxd4 Bd7 18. a3 Qc7 19. Kb1 b4 20. a4 Rc8 21. Be2 Qc5 22. Rd1
c3 23. dxc3 bxc3 24. Bc1 Nxa4 25. Nxe6 fxe6 26. Qxg6+ Kd8 27. f5 Rb8 28. Qg7 Kc7
29. f6 Rxb3+ 30. cxb3 c2+ 31. Ka1 Qc3+ 32. Ka2 cxd1=Q 33. Rxd1 Rb8 34. Bc4 Qc2+
35. Ka1 Qxd1 36. Kb1 dxc4 {White resigns} 0-1

[Event "Team 45 45 League T70"]
[Site "Internet Chess Club"]
[Date "2016.10.16"]
[Round "6"]
[White "RD1974"]
[Black "Yedixon"]
[Result "0-1"]
[WhiteElo "1660"]
[BlackElo "1733"]
[Opening "Bishop's opening: Ponziani gambit"]
[ECO "C24"]
[Time "16:03:53"]
[TimeControl "2700+45"]

1. e4 e5 2. Bc4 Nf6 3. d4 Nxe4 4. Qh5 Nd6 5. Qxe5+ Qe7 6. Bb3 Nc6 7. Qxe7+ Bxe7
8. Nf3 Na5 9. O-O Nxb3 10. axb3 O-O 11. Re1 Bf6 12. Be3 Nf5 13. Nc3 c6 14. Ne4
Bd8 15. Bf4 d5 16. Nd6 Bb6 17. Nxc8 Raxc8 18. c3 Rfe8 19. h3 g6 20. g4 Ng7 21.
Be5 Ne6 22. h4 a6 23. Re2 Bc7 24. Rae1 Kf8 25. Bf6 Bd6 26. Ne5 Bxe5 27. Bxe5 Ke7
28. f4 f6 29. f5 gxf5 30. gxf5 Rg8+ 31. Kh2 fxe5 32. Rxe5 Kf7 33. Rxe6 Rce8 34.
R6e5 h5 35. Kh3 Rxe5 36. dxe5 Rg4 37. Re3 Rf4 38. f6 Ke6 39. Kg3 Rg4+ 40. Kh3 c5
41. Rf3 Rg8 42. Rg3 Rf8 43. Rg5 d4 44. cxd4 cxd4 45. Kg3 d3 46. Kf3 d2 47. Ke2
Rd8 48. Rg1 Kxe5 49. Kd1 Kxf6 50. Rg5 Rd3 51. Rxh5 Rxb3 52. Rh8 Rxb2 53. Re8 Rb5
54. Re2 Rd5 55. Rh2 Kg6 56. Rh3 Kh5 57. Rb3 b5 58. Ra3 Rd6 59. Rh3 b4 60. Re3
Rd5 61. Re4 a5 62. Rc4 b3 63. Rc3 a4 64. Rc4 b2 65. Rb4 a3 66. Rb3 a2 {White
resigns} 0-1

[Event "Team 45 45 League T70"]
[Site "Internet Chess Club"]
[Date "2016.10.14"]
[Round "6"]
[White "mongmong"]
[Black "KidRattler"]
[Result "1-0"]
[WhiteElo "1510"]
[BlackElo "1558"]
[Opening "Queen's pawn: Yusupov-Rubinstein system"]
[ECO "A46"]
[Time "18:13:39"]
[TimeControl "2700+45"]

1. d4 Nf6 2. Nf3 e6 3. e3 c5 4. Nbd2 b6 5. c3 Bb7 6. Bd3 d5 7. Ne5 Nbd7 8. f4
Bd6 9. O-O Qc7 10. Qf3 O-O-O 11. Nxf7 Rhf8 12. Nxd8 Kxd8 13. Qh3 e5 14. dxe5
Bxe5 15. fxe5 Nxe5 16. Be2 Qc6 17. Nf3 Re8 18. Nxe5 Rxe5 19. Bf3 Bc8 20. Qg3 Re7
21. Bd2 Ba6 22. Rf2 Qe6 23. h3 h5 24. Rd1 Rd7 25. Bc1 Ne4 26. Bxe4 Qxe4 27. Qf3
Qg6 28. Rxd5 Rxd5 29. Qxd5+ Kc7 30. Qf7+ Qxf7 31. Rxf7+ Kd6 32. Rxg7 h4 33. Rxa7
Bc4 34. a3 b5 35. Rh7 b4 36. axb4 cxb4 37. cxb4 Be6 38. Rxh4 Bf7 39. Bd2 Ke7 40.
Bc3 Kf8 41. Rf4 Kg8 42. Rxf7 Kxf7 43. Kf2 Kg6 44. Kf3 Kh5 45. Kf4 Kg6 46. Ke5
Kf7 47. Kd6 Ke8 48. Kc7 Kf7 49. b5 Kg6 50. b6 Kg5 51. b7 Kh4 52. b8=Q Kg3 53.
Qg8+ Kh2 54. h4 Kh1 55. h5 Kh2 56. h6 Kh1 57. h7 Kh2 58. h8=Q+ Kg1 59. g4 Kg2
60. Qgh7 Kg3 61. Qh3+ Kf2 62. Qd4 Ke2 63. Qc4+ Kd1 64. Qhf1+ Kc2 65. Qce2+ Kb3
66. g5 Ka4 67. g6 Kb3 68. g7 Ka4 69. Qfd1# {Black checkmated} 1-0

[Event "Team 45 45 League T70"]
[Site "Internet Chess Club"]
[Date "2016.10.16"]
[Round "6"]
[White "OGO"]
[Black "BrerRabbit"]
[Result "1/2-1/2"]
[WhiteElo "1462"]
[BlackElo "1424"]
[Opening "Old Indian defense"]
[ECO "A42"]
[Time "15:03:53"]
[TimeControl "2700+45"]

1. d4 d6 2. c4 e5 3. d5 f5 4. Nc3 Nf6 5. Nf3 Be7 6. Qc2 O-O 7. e3 a5 8. Be2 Na6
9. a3 Nc5 10. O-O a4 11. Bd2 Nb3 12. Rab1 Nxd2 13. Qxd2 Nd7 14. b4 axb3 15. Rxb3
Nc5 16. Rb2 Rxa3 17. Ra2 Rxa2 18. Qxa2 Bd7 19. Nd2 Qa8 20. Ra1 Qxa2 21. Rxa2 Rb8
22. Kf1 Bf6 23. e4 f4 24. h3 Bh4 25. Nf3 Be7 26. Nd2 {Game drawn by mutual
agreement} 1/2-1/2

[Event "Team 45 45 League T70"]
[Site "Internet Chess Club"]
[Date "2016.10.12"]
[Round "6"]
[White "VictorRed"]
[Black "FrankNautilus"]
[Result "0-1"]
[WhiteElo "1682"]
[BlackElo "1654"]
[Opening "Sicilian: Nimzovich-Rossolimo attack (without ...d6)"]
[ECO "B30"]
[Time "20:08:33"]
[TimeControl "2700+45"]

1. e4 c5 2. Nf3 Nc6 3. Bb5 e6 4. Nc3 Nge7 5. O-O a6 6. Be2 b5 7. d4 cxd4 8. Nxd4
Bb7 9. Bf3 Nxd4 10. Qxd4 Nc6 11. Qd1 Be7 12. g3 O-O 13. Bg2 Bf6 14. Ne2 Rc8 15.
a3 d6 16. Bf4 Bxb2 17. Bxd6 Bxa1 18. Bxf8 Kxf8 19. Qxa1 Qd2 20. Nf4 Rd8 21. Nh5
e5 22. Qc1 Qxc1 23. Rxc1 Rd2 24. f4 Nd4 25. Kh1 Nxc2 26. fxe5 Nxa3 27. Nf4 Nc4
28. e6 fxe6 29. Nxe6+ Kf7 30. Nd8+ Rxd8 {White resigns} 0-1

[Event "Team 45 45 League T70"]
[Site "Internet Chess Club"]
[Date "2016.10.16"]
[Round "6"]
[White "andrew37"]
[Black "kabindra"]
[Result "0-1"]
[WhiteElo "1748"]
[BlackElo "1694"]
[Opening "English opening"]
[ECO "A15"]
[Time "18:00:30"]
[TimeControl "2700+45"]

1. c4 Nf6 2. Nf3 g6 3. g3 Bg7 4. Bg2 O-O 5. Nc3 c6 6. O-O d6 7. d3 e5 8. e4 h6
9. h3 Be6 10. Be3 Nbd7 11. Qd2 Kh7 12. Nh2 Nc5 13. b4 Na6 14. a3 Qd7 15. g4 b6
16. Rac1 Rad8 17. Ne2 d5 18. cxd5 cxd5 19. Qc2 Rc8 20. Qb1 dxe4 21. dxe4 Bc4 22.
Rfd1 Qa4 23. Nc3 Qxa3 24. b5 Nb4 25. Nf3 Rfe8 26. g5 hxg5 27. Nxg5+ Kg8 28. Rd2
Red8 29. Rxd8+ Rxd8 30. Bf1 Bxf1 31. Kxf1 Nd3 32. Qa1 Qxa1 33. Rxa1 Rd7 34. Ke2
Nf4+ 35. Bxf4 exf4 36. Rd1 Rxd1 37. Kxd1 Ne8 38. Nd5 Nd6 39. Nc7 f6 40. Nge6
Nxe4 41. f3 Nf2+ 42. Ke2 Nxh3 43. Nd5 Bf8 44. Nd8 Kg7 45. Ne6+ Kf7 46. Nxf8 Kxf8
47. Nxf6 Ke7 48. Ne4 Ke6 49. Kd3 Kd5 50. Ke2 Kc4 51. Kf1 Kxb5 52. Kg2 Ng5 53.
Nxg5 a5 54. Ne4 Kc4 55. Kf2 a4 56. Nd2+ Kd3 57. Nb1 b5 58. Ke1 b4 59. Nd2 a3 60.
Kd1 a2 61. Nb3 Kc3 62. Na1 b3 {White resigns} 0-1

[Event "Team 45 45 League T70"]
[Site "Internet Chess Club"]
[Date "2016.10.12"]
[Round "6"]
[White "Heian"]
[Black "QuieroAprender"]
[Result "1-0"]
[WhiteElo "1707"]
[BlackElo "1590"]
[Opening "King's pawn game"]
[ECO "C50"]
[Time "21:32:32"]
[TimeControl "2700+45"]

1. e4 e5 2. Nf3 Nc6 3. Bc4 Nd4 4. d3 Nxf3+ 5. Qxf3 Qf6 6. Qe2 Bc5 7. Nc3 c6 8.
O-O Ne7 9. Be3 d6 10. Qd2 h6 11. Bxc5 dxc5 12. f4 O-O 13. f5 a5 14. a3 b5 15.
Ba2 Rd8 16. Rf3 b4 17. Nd1 Bb7 18. Rg3 Rd6 19. Nf2 h5 20. Rf1 Ba6 21. Qe2 c4 22.
Qxh5 Qh6 23. Qxh6 Rxh6 24. Ng4 Rd6 25. Nxe5 cxd3 26. Bxf7+ Kf8 27. cxd3 Bxd3 28.
Be6 Bxf1 29. Kxf1 Rd2 30. Rh3 Ng8 31. Ng6+ Ke8 32. Rh8 {Black resigns} 1-0

[Event "Team 45 45 League T70"]
[Site "Internet Chess Club"]
[Date "2016.10.14"]
[Round "6"]
[White "bayoumicardio10"]
[Black "Bizzy-Ketty"]
[Result "1-0"]
[WhiteElo "1592"]
[BlackElo "1569"]
[Opening "Sicilian: Grand Prix attack"]
[ECO "B23"]
[Time "17:32:26"]
[TimeControl "2700+45"]

1. e4 c5 2. Nc3 Nc6 3. f4 e6 4. Nf3 d5 5. e5 Nge7 6. Bb5 Bd7 7. Bxc6 Nxc6 8. O-O
Be7 9. d3 h6 10. a3 a6 11. Ne2 b5 12. d4 Qb6 13. Be3 Rc8 14. dxc5 Bxc5 15. Bxc5
Qxc5+ 16. Ned4 Ne7 17. c3 Nf5 18. Qe2 Qb6 19. Kh1 Ne7 20. Qf2 Ng6 21. Nd2 Ne7
22. g4 Nc6 23. N2b3 Ra8 24. Nxc6 Qxf2 25. Rxf2 Bxc6 26. Nd4 Rc8 27. Raf1 Bd7 28.
Re1 Ke7 29. f5 Rc4 30. f6+ gxf6 31. Rxf6 Rh7 32. Kg2 a5 33. Re3 b4 34. axb4 axb4
35. Kg3 bxc3 36. bxc3 Rh8 37. Ref3 Be8 38. Kh4 Ra4 39. Kh5 Ra2 40. h3 Ra1 41.
Re3 Bd7 42. Rxh6 Rxh6+ 43. Kxh6 Ra8 44. Kg7 Ra1 45. Nf3 Rh1 46. Ng5 Rh2 47. Nxf7
{Black resigns} 1-0

[Event "Team 45 45 League T70"]
[Site "Internet Chess Club"]
[Date "2016.10.15"]
[Round "6"]
[White "moodle"]
[Black "pokerram"]
[Result "1-0"]
[WhiteElo "1573"]
[BlackElo "1523"]
[Opening "Sicilian: Alapin's variation (2.c3)"]
[ECO "B22"]
[Time "09:00:45"]
[TimeControl "2700+45"]

1. e4 c5 2. c3 d5 3. e5 Nc6 4. d4 cxd4 5. cxd4 Bf5 6. Nc3 e6 7. Nf3 Bb4 8. a3
Bxc3+ 9. bxc3 Nge7 10. Be2 O-O 11. O-O Qc7 12. a4 Na5 13. Ba3 Rfe8 14. Bb5 Nec6
15. Nh4 Bg6 16. Bd6 Qc8 17. Nxg6 hxg6 18. Qf3 a6 19. Be2 Ne7 20. Rfb1 Nf5 21.
Bc5 Rb8 22. Ra2 Nh4 23. Qf4 Nf5 24. Rab2 Nc4 25. Bxc4 dxc4 26. Ba7 Qc6 27. Bxb8
Rxb8 28. Rb6 Qxa4 29. d5 exd5 30. e6 Re8 31. exf7+ Kxf7 32. g4 Re4 33. Rxb7+ Kg8
34. Qg5 Nh6 35. Qxd5+ {Black resigns} 1-0

[Event "Team 45 45 League T70"]
[Site "Internet Chess Club"]
[Date "2016.10.16"]
[Round "6"]
[White "kingphisch"]
[Black "bluesun"]
[Result "1/2-1/2"]
[WhiteElo "1450"]
[BlackElo "1486"]
[Opening "Scotch gambit: Dubois-Réti defense"]
[ECO "C55"]
[Time "15:01:56"]
[TimeControl "2700+45"]

1. e4 e5 2. Nf3 Nc6 3. d4 exd4 4. Bc4 Nf6 5. e5 Ng4 6. O-O d6 7. h3 Ngxe5 8.
Nxe5 dxe5 9. c3 Bc5 10. cxd4 Qxd4 11. Qxd4 Nxd4 12. Na3 O-O 13. Be3 Rd8 14. Rad1
Bf5 15. Nb5 Rd7 16. Nxd4 exd4 17. Bf4 Rad8 18. Rfe1 Bb6 19. Bd3 Bxd3 20. Rxd3 c5
21. b3 a5 22. Bg3 Ba7 23. Rc1 Rc8 24. Bf4 b5 25. Bd2 Bb6 26. b4 c4 27. bxa5 Ba7
28. Bb4 Rdc7 29. Rf3 c3 30. Rd3 c2 31. a3 Rc4 32. Kf1 f6 33. Ke2 Kf7 34. Kd2 Ke6
35. Rb3 Kd5 36. Rb2 Bc5 37. Rbxc2 Bxb4+ 38. axb4 Rc3 39. Rxc3 dxc3+ 40. Rxc3 Ra8
41. Kd3 Ke5 42. Rc5+ Kd6 43. Kd4 Rb8 44. Rd5+ Kc6 45. Rc5+ Kd6 46. Rd5+ Kc6 47.
Rc5+ Kd6 48. Rd5+ Kc6 49. Rc5+ Kd6 {Game drawn by repetition} 1/2-1/2

[Event "Team 45 45 League T70"]
[Site "Internet Chess Club"]
[Date "2016.10.16"]
[Round "6"]
[White "zorori"]
[Black "rubo"]
[Result "0-1"]
[WhiteElo "1598"]
[BlackElo "1624"]
[Opening "Caro-Kann: advance variation"]
[ECO "B12"]
[Time "21:40:16"]
[TimeControl "2700+45"]

1. e4 c6 2. d4 d5 3. e5 Bf5 4. Nf3 e6 5. Bd3 Bxd3 6. Qxd3 Nd7 7. Bd2 c5 8. c3
Qb6 9. Qc2 Rc8 10. O-O cxd4 11. a3 dxc3 12. bxc3 Bc5 13. Bf4 Ne7 14. Nbd2 Ng6
15. Bg3 O-O 16. Nb3 Be7 17. Rfe1 Nc5 18. Nfd4 Ne4 19. Re3 Rc7 20. Nd2 Nxg3 21.
hxg3 Qxd4 22. Rb1 Rfc8 23. Nb3 Qa4 24. Ra1 d4 25. Re4 Rxc3 26. Qd1 Qxb3 27. Rxd4
Qb2 28. Rd2 Qxa1 29. Qxa1 Rc1+ 30. Rd1 Rxa1 31. Rxa1 Rc2 32. Rb1 b6 33. Rd1 Nxe5
34. Kf1 g6 35. Ke1 Kg7 36. Rd4 Bc5 37. Ra4 a5 38. Re4 Nd3+ 39. Kd1 Nxf2+ 40.
Kxc2 Nxe4 41. Kd3 Nxg3 {White resigns} 0-1

[Event "Team 45 45 League T70"]
[Site "Internet Chess Club"]
[Date "2016.10.15"]
[Round "6"]
[White "nosir"]
[Black "kausika"]
[Result "1-0"]
[WhiteElo "1550"]
[BlackElo "1396"]
[Opening "King's Indian: Torre attack"]
[ECO "A48"]
[Time "10:01:58"]
[TimeControl "2700+45"]

1. d4 Nf6 2. Nf3 g6 3. Bg5 Ne4 4. Bh4 d5 5. Nbd2 Nd6 6. e3 Bf5 7. Nb3 Bg7 8. Bd3
O-O 9. O-O Nd7 10. Rc1 Re8 11. c3 Qc8 12. Re1 b6 13. Bxf5 Nxf5 14. e4 Nxh4 15.
Nxh4 dxe4 16. Rxe4 Nf6 17. Re1 Qg4 18. Qxg4 Nxg4 19. Rc2 Rad8 20. h3 Nf6 21.
Rce2 e6 22. Nf3 Bf8 23. Ne5 Rd6 24. Nd2 Nd7 25. Ne4 Rd5 26. Nxd7 Bg7 27. Ndf6+
{Black resigns} 1-0

[Event "Team 45 45 League T70"]
[Site "Internet Chess Club"]
[Date "2016.10.13"]
[Round "6"]
[White "MartyJR"]
[Black "Kingofknights"]
[Result "1/2-1/2"]
[WhiteElo "1413"]
[BlackElo "1483"]
[Opening "QGD Slav defense"]
[ECO "D10"]
[Time "20:31:38"]
[TimeControl "2700+45"]

1. d4 d5 2. c4 c6 3. Nc3 Nf6 4. e3 g6 5. Nf3 Bg7 6. Bd3 b6 7. O-O Nbd7 8. Re1 e6
9. cxd5 Nxd5 10. Nxd5 cxd5 11. Bd2 Bb7 12. Bb4 Bf8 13. Bxf8 Kxf8 14. Rc1 Kg7 15.
Re2 Rc8 16. Rec2 Rxc2 17. Rxc2 Qb8 18. Qc1 Rc8 19. Bb5 Rxc2 20. Qxc2 Qc8 21.
Qxc8 Bxc8 22. Kf1 a6 23. Bd3 b5 24. Ke2 f6 25. Kd2 Nb6 26. b3 {Game drawn by
mutual agreement} 1/2-1/2

[Event "Team 45 45 League T70"]
[Site "Internet Chess Club"]
[Date "2016.10.13"]
[Round "6"]
[White "g8wrb"]
[Black "Visin"]
[Result "1-0"]
[WhiteElo "1254"]
[BlackElo "1210"]
[Opening "Ruy Lopez: Wormald (Alapin) attack"]
[ECO "C77"]
[Time "13:00:40"]
[TimeControl "2700+45"]

1. e4 e5 2. Nf3 Nc6 3. Bb5 a6 4. Ba4 Nf6 5. Qe2 d6 6. c3 Be7 7. O-O Bd7 8. Rd1
b5 9. Bb3 O-O 10. d4 h6 11. Nbd2 Nh7 12. Nf1 Kh8 13. Be3 f5 14. dxe5 Nxe5 15.
Nxe5 dxe5 16. Be6 Bd6 17. Bxd7 Qxd7 18. exf5 Qxf5 19. Ng3 Qf7 20. Rd2 Nf6 21.
Nf5 Ne4 22. Nxd6 Nxd6 23. Bc5 Rad8 24. Qxe5 Qf6 25. Qxf6 Rxf6 26. Rad1 Kg8 27.
f3 Re6 28. Bxd6 cxd6 29. Kf2 Kf7 30. Re2 d5 31. Rxe6 Kxe6 32. f4 Kf5 33. Kf3 h5
34. h3 a5 35. g4+ hxg4+ 36. hxg4+ Kf6 37. Rd4 g6 38. b3 Ke6 39. c4 bxc4 40. bxc4
Rd7 41. Rxd5 Rxd5 42. cxd5+ Kxd5 43. a4 Kd4 44. Kg3 Ke4 45. g5 Kf5 46. Kf3 Ke6
47. Ke4 Kd6 48. f5 Ke7 49. f6+ Ke6 50. Kd4 {Black resigns} 1-0

[Event "Team 45 45 League T70"]
[Site "Internet Chess Club"]
[Date "2016.10.16"]
[Round "6"]
[White "MarcB"]
[Black "clarinetref"]
[Result "1-0"]
[WhiteElo "1607"]
[BlackElo "1582"]
[Opening "Robatsch defense: two knights, Suttles variation"]
[ECO "B06"]
[Time "22:05:25"]
[TimeControl "2700+45"]

1. e4 g6 2. d4 d6 3. Nf3 Bg7 4. Nc3 c6 5. Bc4 Nf6 6. O-O O-O 7. e5 dxe5 8. dxe5
Ng4 9. Qxd8 Rxd8 10. Bf4 b5 11. Bb3 a5 12. a3 Na6 13. h3 Nh6 14. Ne4 Bf5 15. Ng3
a4 16. Ba2 Bxc2 17. Rac1 Bb3 18. Bxb3 axb3 19. Rxc6 e6 20. Bg5 Rdc8 21. Rfc1
Rxc6 22. Rxc6 Bf8 23. Ne4 Nf5 24. Bf6 Ne7 25. Bxe7 Bxe7 26. Nd6 Bd8 27. Nxb5 Kg7
28. Nd6 Nc7 29. Rb6 Nd5 30. Rxb3 Ra7 31. Nd4 Rc7 32. Ne8+ Kh6 33. Nxc7 Bxc7 34.
Nf3 f6 35. exf6 Nxf6 36. Rb5 Nd5 37. Nd4 Nf4 38. Kf1 e5 39. Ne2 Nd3 40. b3 Bd6
41. a4 Bc5 42. f3 Be3 43. a5 Nc5 44. b4 Na6 45. Rxe5 Bd2 46. b5 Nb8 47. a6
{Black resigns} 1-0

[Event "Team 45 45 League T70"]
[Site "Internet Chess Club"]
[Date "2016.10.16"]
[Round "6"]
[White "kutch"]
[Black "JohLeb"]
[Result "1/2-1/2"]
[WhiteElo "1469"]
[BlackElo "1384"]
[Opening "QGD Slav: 4.Nc3"]
[ECO "D15"]
[Time "14:01:10"]
[TimeControl "2700+45"]

1. d4 d5 2. c4 Nf6 3. Nc3 c6 4. Nf3 Bg4 5. h3 Bh5 6. Bg5 e6 7. e3 Be7 8. Be2
Nbd7 9. Qc2 Bg6 10. Qb3 Qb6 11. O-O h6 12. Bh4 Qxb3 13. axb3 Bb4 14. Bxf6 Nxf6
15. Ne5 Bc2 16. Na2 Bd6 17. Bd1 Bh7 18. Nc3 Bxe5 19. dxe5 Ne4 20. Nxe4 Bxe4 21.
c5 O-O 22. Be2 b6 23. cxb6 axb6 24. Ra3 Rxa3 25. bxa3 b5 26. Rc1 Ra8 27. Rxc6
Rxa3 28. Bxb5 Rxb3 29. Rc8+ Kh7 30. Be8 Rb7 31. Rc1 f5 32. exf6 gxf6 33. Ba4 Rg7
34. g3 h5 35. Bc2 Bxc2 36. Rxc2 h4 37. g4 f5 38. f3 fxg4 39. fxg4 Kg6 40. Kf2
Ra7 41. Re2 Rf7+ 42. Kg2 Rc7 43. Kf3 Kg5 44. Kg2 Rc5 45. Kf3 e5 46. Rd2 e4+ 47.
Kf2 Kf6 48. Kg2 Ke5 49. Kf2 Rc4 50. Kg2 Rc3 51. Kf2 Rc1 52. Kg2 Rc4 53. Kf2 d4
54. exd4+ Rxd4 55. Rxd4 Kxd4 56. Ke2 Kd5 57. Ke3 Ke5 58. Ke2 Kf4 59. Kf2 Ke5 60.
Ke3 Kd5 {Game drawn by mutual agreement} 1/2-1/2

[Event "Team 45 45 League T70"]
[Site "Internet Chess Club"]
[Date "2016.10.16"]
[Round "6"]
[White "houseofcook"]
[Black "Aquaman"]
[Result "1-0"]
[WhiteElo "1498"]
[BlackElo "1336"]
[Opening "Sicilian: Grand Prix attack"]
[ECO "B23"]
[Time "14:30:37"]
[TimeControl "2700+45"]

1. e4 c5 2. Nc3 Nc6 3. f4 g6 4. Nf3 Bg7 5. Bb5 a6 6. Bxc6 bxc6 7. O-O d6 8. d3
Nf6 9. Qe1 O-O 10. f5 Nd7 11. Qh4 Nf6 12. Bh6 e6 13. Bxg7 Kxg7 14. fxg6 hxg6 15.
e5 dxe5 16. Ng5 Qd4+ 17. Qf2 Qxf2+ 18. Rxf2 Nd7 19. Raf1 Nb6 20. Rxf7+ Rxf7 21.
Rxf7+ Kh6 22. Nce4 Kh5 23. h3 Bd7 24. Rh7# {Black checkmated} 1-0

[Event "Team 45 45 League T70"]
[Site "Internet Chess Club"]
[Date "2016.10.16"]
[Round "6"]
[White "Xbug"]
[Black "sdcohle"]
[Result "1-0"]
[WhiteElo "1042"]
[BlackElo "1483"]
[Opening "QGD Slav: 3.Nf3"]
[ECO "D11"]
[Time "15:15:36"]
[TimeControl "2700+45"]

1. d4 d5 2. c4 c6 3. Nf3 a6 4. Nc3 Nf6 5. Bg5 e6 6. cxd5 cxd5 7. e3 Be7 8. Be2
O-O 9. O-O b5 10. Bd3 Bb7 11. Qb3 Nbd7 12. Rac1 Rc8 13. Ne2 h6 14. Bf4 Nb6 15.
Ng3 Rxc1 16. Rxc1 Bd6 17. Bxd6 Qxd6 18. Ne5 Nc4 19. a4 Nxe5 20. dxe5 Qxe5 21.
axb5 axb5 22. Qxb5 Rb8 23. Rb1 Qd6 24. h3 Nd7 25. e4 Ne5 26. exd5 Bxd5 27. Qa6
Nxd3 28. Qxd6 Rxb2 29. Rxb2 Nxb2 30. Qb8+ Kh7 31. Qxb2 g6 32. Nh5 gxh5 33. Qc2+
Kg7 34. f3 f5 35. Qe2 Kg6 36. Qe5 Bc4 37. f4 Bd5 38. Kf2 Bb3 39. g4 hxg4 40.
hxg4 Ba2 41. gxf5+ exf5 42. Kg3 Bb1 43. Kh4 Ba2 44. Qd6+ Kg7 45. Kh5 Bf7+ 46.
Kh4 Kh7 47. Qd7 Kg7 48. Qxf5 Bg6 49. Qg4 Kh7 50. f5 Bf7 51. f6 Bg6 52. Qd7+ Bf7
53. Qxf7+ Kh8 54. Qg7# {Black checkmated} 1-0

[Event "Team 45 45 League T70"]
[Site "Internet Chess Club"]
[Date "2016.10.11"]
[Round "6"]
[White "QuieroAprender"]
[Black "Gilguli"]
[Result "1-0"]
[WhiteElo "1602"]
[BlackElo "1436"]
[Opening "Giuoco Piano: four knights variation"]
[ECO "C50"]
[Time "21:00:27"]
[TimeControl "2700+45"]

1. e4 e5 2. Nf3 Nc6 3. Bc4 Bc5 4. Nc3 Nf6 5. O-O Nxe4 6. Nxe4 d5 7. Nxc5 dxc4 8.
Qe2 Qd5 9. Ne4 Bf5 10. Nc3 Qa5 11. Qxc4 Be6 12. Qb5 Qxb5 13. Nxb5 O-O-O 14. d3
Bg4 15. Nd2 a6 16. Nc3 Nd4 17. Nc4 Nxc2 18. Rb1 Rhe8 19. Ne3 Nxe3 20. Bxe3 Rxd3
21. h3 Bf5 22. Rbd1 e4 23. g4 Bg6 24. Nd5 h5 25. Rxd3 exd3 26. Nf4 Be4 27. Nxh5
Bf3 28. Nxg7 Rxe3 29. fxe3 d2 30. Kf2 d1=Q 31. Rxd1 Bxd1 32. Kg3 Kd7 33. h4 Ke7
34. h5 Kf6 35. Ne8+ Kg5 36. Nxc7 Bxg4 37. h6 Bf5 38. Ne8 Bh7 39. Nd6 b5 40.
Nxf7+ Kg6 41. Ne5+ Kxh6 42. b4 Kg5 43. Kf3 Kf5 44. Nd7 Ke6 45. Nf8+ {Black
resigns} 1-0

[Event "Team 45 45 League T70"]
[Site "Internet Chess Club"]
[Date "2016.10.13"]
[Round "6"]
[White "Insan996"]
[Black "drsigmund1"]
[Result "1-0"]
[WhiteElo "1552"]
[BlackElo "1463"]
[Opening "Queen's pawn"]
[ECO "A40"]
[Time "22:11:50"]
[TimeControl "2700+45"]

1. d4 e6 2. Nf3 d5 3. c4 c6 4. Qb3 Bd6 5. Nc3 f5 6. Bg5 Nf6 7. e3 O-O 8. Be2
Nbd7 9. O-O h6 10. Bh4 Qe7 11. Rac1 g5 12. Bg3 Bxg3 13. hxg3 Ne4 14. Nxe4 fxe4
15. a3 exf3 16. gxf3 Nf6 17. Kg2 e5 18. cxd5 cxd5 19. dxe5 Qxe5 20. Qc2 Bd7 21.
Qg6+ Kh8 22. Qxh6+ Nh7 23. Rh1 Rf7 24. g4 Rg8 25. Bd3 Rgg7 26. Rh2 Bc6 27. Rch1
Qe7 28. Qh5 Kg8 29. Bg6 d4 30. e4 Be8 31. Bxf7+ Bxf7 32. Qh6 Bg6 33. Qh3 d3 34.
Rd1 Qd6 35. Qg3 Rd7 36. Rd2 Qxg3+ 37. fxg3 Bf7 38. Rh1 Nf8 39. Rc1 Ne6 40. Rc3
Kg7 41. Rdxd3 Rxd3 42. Rxd3 Nc5 43. Rc3 Na4 44. Rc7 Nxb2 45. Rxb7 a5 {Black
resigns} 1-0

[Event "Team 45 45 League T70"]
[Site "Internet Chess Club"]
[Date "2016.10.16"]
[Round "6"]
[White "Andressa"]
[Black "bardu"]
[Result "1-0"]
[WhiteElo "1449"]
[BlackElo "1432"]
[Opening "Giuoco Piano: four knights variation"]
[ECO "C46"]
[Time "18:08:05"]
[TimeControl "2700+45"]

1. e4 e5 2. Nf3 Nc6 3. Nc3 Bc5 4. Bc4 Nf6 5. O-O O-O 6. d3 d6 7. Be3 Bxe3 8.
fxe3 Bg4 9. d4 exd4 10. exd4 Re8 11. Qd3 Nb4 12. Bxf7+ Kxf7 13. Qc4+ Nbd5 14.
Nxd5 Nxd5 15. Qxd5+ Kg6 16. e5 c6 17. Qe4+ {Black resigns} 1-0